 Dungeon Crawl Stone Soup version 0.31-a0-931-g7b59d4eb97 (webtiles) character file.

Game seed: 7194940219231393658

25121 Malachi the Fighter (level 12, -8/107 HPs)
             Began as a Demonspawn Hunter on Oct 19, 2023.
             Was a High Priest of Dithmenos.
             Killed from afar by a tengu reaver (32 damage)
             ... with a bolt of cold
             ... on level 14 of the Dungeon.
             The game lasted 00:35:12 (12842 turns).

Malachi the Fighter (Demonspawn Hunter)            Turns: 12842, Time: 00:35:13

Health: -8/107     AC: 16    Str: 25    XL:     12   Next: 86%
Magic:  12/12      EV: 11    Int: 17    God:    Dithmenos [*****.]
Gold:   1177       SH: 16    Dex: 22    Spells: 11/11 levels left

rFire   + + +        N - +7 hand cannon "Mule" {flame, backblast, rF+}
rCold   . . .        w - +0 kite shield
rNeg    + + .        K - +0 troll leather armour
rPois   +            a - +2 helmet of the Cuttlefish {-Cast rElec rPois Str+9}
rElec   +            G - scarf "Doeceane" {repulsion, Contam rElec rN++ Str-2}
rCorr   .            (gloves unavailable)
SInv    .            c - +0 pair of boots
Will    .....        n - amulet of Qaiwaigoy {RegenMP rF+++ Int+5 Dex-2}
Stlth   +++          j - +6 ring of strength
HPRegen 1.17/turn    g - +6 ring of dexterity
MPRegen 0.53/turn

%: no spellcasting, repel missiles
@: corroded, sanguine armoured, wreathed by umbra
A: icemail 1, spiny 2, sanguine armour 3, condensation shield, demonic touch 3,
large bone plates 1, clumsy 1
a: Renounce Religion, Shadow Step, Shadow Form


You were on level 14 of the Dungeon.
You worshipped Dithmenos.
Dithmenos was extremely pleased with you.
You visited 1 branch of the dungeon, and saw 14 of its levels.
You also visited: Sewer.

You collected 1522 gold pieces.
You spent 345 gold pieces at shops.

Inventory:

Hand Weapons
 v - a +1 falchion of electrocution
 D - the +9 morningstar of Rotation {heavy, rCorr Int+5 Dex-4}
   (You bought it in a shop on level 3 of the Dungeon)

   Int+5:     It affects your intelligence (+5).
   Dex-4:     It affects your dexterity (-4).
   rCorr:     It protects you from acid and corrosion.
 N - the +7 hand cannon "Mule" (weapon) {flame, backblast, rF+}
   (You acquired it on level 11 of the Dungeon)

   rF+:       It protects you from fire.
Missiles
 d - 52 poisoned darts
 H - a curare-tipped dart
 M - 5 throwing nets
Armour
 a - the +2 helmet of the Cuttlefish (worn) {-Cast rElec rPois Str+9}
   (You acquired it on level 11 of the Dungeon)

   Str+9:     It affects your strength (+9).
   rElec:     It insulates you from electricity.
   rPois:     It protects you from poison -Cast: It prevents spellcasting.
 c - a +0 pair of boots (worn)
 w - a +0 kite shield (worn)
 G - the scarf "Doeceane" (worn) {repulsion, Contam rElec rN++ Str-2}
   (You acquired it on level 8 of the Dungeon)

   Str-2:     It affects your strength (-2).
   rElec:     It insulates you from electricity.
   rN++:      It greatly protects you from negative energy.
   Contam:    It causes magical contamination when unequipped.
 K - a +0 troll leather armour (worn)
Jewellery
 g - a +6 ring of dexterity (right hand)
 j - a +6 ring of strength (left hand)
 n - the amulet of Qaiwaigoy (around neck) {RegenMP rF+++ Int+5 Dex-2}
   (You bought it in a shop on level 3 of the Dungeon)

   [amulet of magic regeneration]

   RegenMP:   It increases your rate of magic regeneration.
   Int+5:     It affects your intelligence (+5).
   Dex-2:     It affects your dexterity (-2).
   rF+++:     It renders you almost immune to fire.
 y - a +6 ring of intelligence
 C - a ring of resist corrosion
 I - a ring of see invisible
 O - a +6 ring of dexterity
Wands
 p - a wand of flame (29)
 r - a wand of mindburst (5)
 s - a wand of charming (17)
 x - a wand of polymorph (7)
 A - a wand of roots (11)
 Q - a wand of digging (3)
 T - a wand of acid (7)
Scrolls
 b - a scroll of butterflies
 e - 4 scrolls of fog
 f - 3 scrolls of revelation
 i - a scroll of summoning
 m - 8 scrolls of vulnerability
 q - 5 scrolls of identify
 z - a scroll of brand weapon
 E - 3 scrolls of enchant armour
 F - a scroll of torment
 J - a scroll of blinking
 P - 2 scrolls of poison
 R - 2 scrolls of teleportation
 S - a scroll of immolation
Potions
 h - 11 potions of curing
 k - 2 potions of ambrosia
 l - 2 potions of haste
 o - a potion of attraction
 t - 2 potions of brilliance
 u - 2 potions of lignification
 B - a potion of berserk rage
 L - a potion of mutation
 U - a potion of enlightenment {unknown}


   Skills:
 - Level 14.0 Fighting
 - Level 2.2 Maces & Flails
 + Level 12.2 Ranged Weapons
 - Level 7.0 Armour
 - Level 1.8 Dodging
 - Level 0.9 Stealth
 + Level 7.4 Shields


You had 11 spell levels left.
You didn't know any spells.
Your spell library contained the following spells:

 Spells                   Type           Power      Damage    Failure   Level
 Apportation              Tloc           0%         N/A       43%         1
 Magic Dart               Conj           0%         1d3       43%         1
 Necrotise                Necr           0%         1d4       43%         1
 Summon Small Mammal      Summ           0%         N/A       43%         1
 Cigotuvi's Dreadful Rot  Necr/Pois/Air  0%         N/A       58%         2
 Jinxbite                 Hex            0%         N/A       58%         2
 Lesser Beckoning         Tloc           0%         N/A       58%         2
 Searing Ray              Conj           0%         2d4       58%         2
 Sublimation of Blood     Necr           0%         N/A       58%         2
 Wereblood                Tmut           0%         N/A       58%         2
 Call Canine Familiar     Summ           0%         N/A       82%         3
 Dazzling Flash           Conj/Hex       0%         N/A       82%         3
 Gell's Gravitas          Tloc           0%         N/A       82%         3
 Inner Flame              Hex/Fire       0%         N/A       82%         3
 Summon Guardian Golem    Hex/Summ       0%         N/A       82%         3
 Teleport Other           Tloc           0%         N/A       82%         3
 Tukima's Dance           Hex            0%         N/A       82%         3
 Volatile Blastmotes      Fire/Tloc      0%         2d10      82%         3
 Dimensional Bullseye     Hex/Tloc       0%         N/A       99%         4
 Dispel Undead            Necr           0%         3d6       99%         4
 Flame Wave               Conj/Fire      0%         2d4       99%         4
 Fulminant Prism          Conj/Hex       0%         3d5       99%         4
 Iskenderun's Mystic Bla  Conj/Tloc      0%         2d3       99%         4
 Leda's Liquefaction      Hex/Erth       0%         N/A       99%         4
 Passage of Golubria      Tloc           0%         N/A       99%         4
 Petrify                  Tmut/Erth      0%         N/A       99%         4
 Sticky Flame             Conj/Fire      0%         2d3       99%         4
 Alistair's Intoxication  Tmut/Pois      0%         N/A       100%        5
 Irradiate                Conj/Tmut      0%         3d11      100%        5
 Lee's Rapid Deconstruct  Erth           0%         3d4*      100%        5
 Silence                  Hex/Air        0%         N/A       100%        5
 Yara's Violent Unravell  Hex/Tmut       0%         3d3       100%        5
 Bombard                  Conj/Erth      0%         9d1       100%        6
 Death Channel            Necr           0%         N/A       100%        6
 Starburst                Conj/Fire      0%         6d3       100%        6
 Orb of Destruction       Conj           0%         9d5       100%        7
 Spellforged Servitor     Conj/Summ      0%         N/A       100%        7
 Lehudib's Crystal Spear  Conj/Erth      0%         10d2      100%        8
 Maxwell's Capacitive Co  Air            0%         ∞         100%        8


Dungeon Overview and Level Annotations

Branches:
Dungeon (14/15)            Temple (0/1) D:5            Lair (0/5) D:8
    Orc (0/2) D:10         Vaults (0/5) D:13          Sewer (visited)

Altars:
Dithmenos
Okawaru
Qazlal
Ru
Xom

Shops:
D:3 *   D:7 =*   D:13 [(

Annotations:
D:5 exclusion: door


Innate Abilities, Weirdness & Mutations

A meltable icy envelope protects you from harm. (AC +0)
You are mostly covered in sharp spines.
When seriously injured, your blood forms very thick armour. (AC +12)
A meltable shield of frost defends you. (SH +0)
Your touch may irresistibly damage your foes and sap their willpower.
You are partially covered in large bone plates. (SH +4)
You are clumsy. (Dex -2)


Message History

Fire: N) +7 hand cannon "Mule" {flame, backblast, rF+}
Press: ? - help, Q - select action, (/) - cycle Shift-Dir - straight line, f/p - tengu reaver
Aim: a tengu reaver, wielding a +1 battleaxe and wearing a +0 ring mail of poison resistance (heavily wounded, repelling missiles, umbra, 35% to hit)
You shoot a bolt.
The bolt barely misses the tengu reaver.
The bolt hits the blink frog!
The bolt burns the blink frog.
The blink frog is heavily wounded.
Mule's kick sends you backwards. The tengu reaver casts a spell at you.
The bolt of lightning hits you! You resist.
You hear a shout!
You hear two shouts!
Fire: N) +7 hand cannon "Mule" {flame, backblast, rF+}
Press: ? - help, Q - select action, (/) - cycle Shift-Dir - straight line, f/p - tengu reaver
Aim: a tengu reaver, wielding a +1 battleaxe and wearing a +0 ring mail of poison resistance (magical condensation, heavily wounded, repelling missiles, umbra, 35% to hit)
You shoot a bolt.
The bolt closely misses the tengu reaver.
The bolt hits the fire giant!
The fire giant is lightly wounded.
Your shadow shoots a bolt.
The bolt misses the tengu reaver.
Fire: N) +7 hand cannon "Mule" {flame, backblast, rF+}
Press: ? - help, Q - select action, (/) - cycle Shift-Dir - straight line, f/p - tengu reaver
Aim: a tengu reaver, wielding a +1 battleaxe and wearing a +0 ring mail of poison resistance (heavily wounded, repelling missiles, umbra, 35% to hit)
You shoot a bolt.
The bolt barely misses the tengu reaver.
The bolt hits the blink frog!!
The bolt burns the blink frog.
You kill the blink frog!
Dithmenos accepts your kill.
The blink frog's shape twists and changes as it dies.
Mule's kick sends you backwards.
The tengu reaver gestures at you while chanting.
The bolt of acid hits you!!
* * * LOW HITPOINT WARNING * * *
The acid corrodes you!
The fire giant points at you and mumbles some strange words.
The bolt of fire misses you.
Unknown command.
As you read the scroll of fog, it dissolves into smoke.
The tengu reaver points at you and mumbles some strange words.
The bolt of cold hits you!!
You die...

#.#.##...#..#...##'####....##+#.
#Q ##
#..##..#...##....#......... $ .C
#'###..#...#.....#......... /##
#..+...#...#.....#......... ##.
##..#...#...##....#####..... #
#..###..#...##....##..###+#.
#..##..#.............# #.
#......#.............# #.
###.C....'..@###'#####'# #.
#....###.##§§##..####..# #.
####'###.##Q§##........# #.
#...†.....§C§§.........# #.
#.........§§§########### #.
############## #.


You could see a tengu reaver (repels missiles).

Vanquished Creatures
  Kirke (D:13)
  Josephine (D:10)
  A catoblepas (D:14)
  2 boulder beetles (D:14)
  2 tengu warriors (D:13)
  3 two-headed ogres
  Lodul (D:13)
  A deep troll (D:13)
  A lindwurm (D:13)
  2 cyclopes (D:13)
  An ugly thing (D:13)
  Joseph (D:10)
  Maurice (D:13)
  An unseen horror (D:12)
  A freezing wraith (D:13)
  A kobold demonologist (D:12)
  9 trolls
  A hornet (D:10)
  5 slime creatures (D:12)
  A blink frog (shapeshifter) (D:14)
  A jumping spider (shapeshifter) (D:13)
  6 wraiths
  A shadow (D:9)
  22 yaks
  A culicivora (shapeshifter) (D:13)
  4 hogs (D:13)
  Grum (D:9)
  7 vampire mosquitoes
  2 acid dragons
  2 water moccasins
  Duvessa (D:5)
  Pargi (Sewer)
  2 ice beasts
  A black bear (D:6)
  5 orc warriors
  10 ogres
  2 centaurs
  3 wolves (D:8)
  3 kobold brigands
  A phantom (D:7)
  A bullfrog (D:8)
  5 gnoll sergeants
  4 scorpions
  Dowan (D:5)
  9 killer bees
  2 electric eels (D:8)
  2 howler monkeys
  A jelly (D:6)
  14 hounds
  3 orc priests
  Crazy Yiuf (D:5)
  4 gnoll boudas
  4 iguanas
  8 orc wizards
  Robin (D:3)
  36 gnolls
  11 adders
  2 white imps (D:5)
  6 ufetubi
  2 worms
  5 dart slugs
  36 orcs
  6 endoplasms
  7 giant cockroaches
  10 hobgoblins
  8 jackals
  3 quokkas
  4 ball pythons
  4 bats
  5 frilled lizards
  13 goblins
  25 kobolds
  2 rats (D:2)
358 creatures vanquished.

Vanquished Creatures (others)
  An orc wizard (D:13)
1 creature vanquished.

Grand Total: 359 creatures vanquished

Notes
Turn   | Place    | Note
-------+----------+-------------------------------------------
     0 | D:1      | Malachi the Demonspawn Hunter began the quest for the Orb.
     0 | D:1      | Reached XP level 1. HP: 16/16 MP: 1/1
   277 | D:1      | Gained mutation: You are partially covered in sharp spines.
                  | [demonic ancestry]
   277 | D:1      | Reached XP level 2. HP: 22/22 MP: 2/2
   737 | D:2      | Gained mutation: When seriously injured, your blood forms
                  | armour. (AC +12) [demonic ancestry]
   737 | D:2      | Reached XP level 3. HP: 26/27 MP: 3/3
  1108 | D:2      | Reached skill level 5 in Ranged Weapons
  1108 | D:2      | Gained mutation: You are mostly covered in sharp spines.
                  | [demonic ancestry]
  1108 | D:2      | Reached XP level 4. HP: 33/33 MP: 4/4
  1219 | D:3      | Found a faded altar of an unknown god.
  1365 | D:3      | Prayed at the altar of an unknown god.
  1365 | D:3      | Became a worshipper of Dithmenos the Shadowed
  1365 | D:3      | Reached * piety under Dithmenos
  1378 | D:3      | Gained mutation: Your touch may inflict minor irresistible
                  | damage on your foes. [demonic ancestry]
  1378 | D:3      | Reached XP level 5. HP: 39/39 MP: 5/5
  1387 | D:3      | Found Saasoage's Assorted Antiques.
  1392 | D:3      | Bought a transparent garnet amulet for 115 gold pieces
  1392 | D:3      | Identified the amulet of Qaiwaigoy {RegenMP rF+++ Int+5
                  | Dex-2} (You bought it in a shop on level 3 of the Dungeon)
  1709 | D:3      | Noticed Robin
  1719 | D:3      | Reached skill level 3 in Fighting
  1942 | D:3      | Killed Robin
  2375 | D:4      | Noticed an ogre
  2378 | D:4      | Killed an ogre
  2378 | D:4      | Reached ** piety under Dithmenos
  2379 | D:4      | Gained mutation: When seriously injured, your blood forms
                  | thick armour. (AC +12) [demonic ancestry]
  2379 | D:4      | Reached XP level 6. HP: 48/48 MP: 6/6
  2382 | D:4      | Reached skill level 4 in Fighting
  2400 | D:4      | Found a sacrificial altar of Ru.
  2402 | D:4      | Found a stormy altar of Qazlal.
  2402 | D:4      | Found an iron altar of Okawaru.
  2410 | D:4      | Found a shimmering altar of Xom.
  2997 | D:5      | Entered Level 5 of the Dungeon
  2997 | D:5      | Noticed Duvessa
  2997 | D:5      | Noticed Dowan
  3051 | D:5      | Noticed a water moccasin
  3055 | D:5      | Killed a water moccasin
  3056 | D:5      | Reached skill level 5 in Fighting
  3056 | D:5      | Reached XP level 7. HP: 37/56 MP: 7/7
  3202 | D:5      | Noticed a yak
  3203 | D:5      | Noticed a yak
  3204 | D:5      | Noticed a yak
  3205 | D:5      | Noticed a yak
  3205 | D:5      | Noticed a yak
  3206 | D:5      | Noticed a yak
  3391 | D:6      | Identified the +0 ring mail "Apten" {Will- rCorr Str+7
                  | Int-2}
  3398 | D:6      | Found a glowing drain.
  3409 | Sewer    | Entered a sewer
  3482 | Sewer    | Noticed Pargi
  3487 | Sewer    | Killed Pargi
  3488 | Sewer    | Reached skill level 6 in Fighting
  3581 | D:6      | Gained mutation: When seriously injured, your blood forms
                  | very thick armour. (AC +12) [demonic ancestry]
  3581 | D:6      | Reached XP level 8. HP: 64/64 MP: 8/8
  3745 | D:6      | Reached *** piety under Dithmenos
  4078 | D:5      | Killed Duvessa
  4079 | D:5      | Reached skill level 7 in Fighting
  4079 | D:5      | Killed Dowan
  4127 | D:5      | Found a staircase to the Ecumenical Temple.
  4464 | D:5      | Reached skill level 8 in Fighting
  4464 | D:5      | Gained mutation: Your touch may inflict irresistible damage
                  | on your foes. [demonic ancestry]
  4464 | D:5      | Reached XP level 9. HP: 55/74 MP: 9/9
  4830 | D:5      | Found a runed translucent door.
  4831 | D:5      | Noticed Crazy Yiuf
  4839 | D:5      | Killed Crazy Yiuf
  5144 | D:3      | Bought an ancient morningstar for 207 gold pieces
  5144 | D:3      | Identified the +9 morningstar of Rotation {heavy, rCorr
                  | Int+5 Dex-4} (You bought it in a shop on level 3 of the
                  | Dungeon)
  5152 | D:3      | Bought a scroll labelled MUMAFA HOWNY for 23 gold pieces
  5397 | D:7      | Found Goxzol's Jewellery Emporium.
  5424 | D:7      | Reached skill level 9 in Fighting
  5893 | D:8      | Noticed a troll
  5897 | D:8      | Killed a troll
  5898 | D:8      | Reached skill level 10 in Ranged Weapons
  5939 | D:8      | Reached skill level 10 in Fighting
  6002 | D:8      | Found a staircase to the Lair.
  6138 | D:8      | Noticed a troll
  6147 | D:8      | Killed a troll
  6362 | D:8      | Found the +18 Lear's hauberk
  6437 | D:8      | Gained mutation: A meltable shield of frost defends you.
                  | (SH +0) [demonic ancestry]
  6437 | D:8      | Reached XP level 10. HP: 86/86 MP: 10/10
  6942 | D:7      | Reached skill level 1 in Armour
  6946 | D:7      | Found Tuplunyk's Serpentskin Sales.
  6948 | D:7      | Reached **** piety under Dithmenos
  7066 | D:7      | Reached skill level 11 in Fighting
  7487 | D:8      | Identified a scroll of acquirement
  7487 | D:8      | Acquired the scarf "Doeceane" {repulsion, Contam rElec rN++
                  | Str-2}
  7911 | D:9      | Reached ***** piety under Dithmenos
  8151 | D:9      | Noticed Grum
  8158 | D:9      | Killed Grum
  8304 | D:9      | Reached skill level 12 in Fighting
  8421 | D:9      | Gained mutation: You are clumsy. (Dex -2) [potion of
                  | mutation]
  8421 | D:9      | Gained mutation: You are partially covered in large bone
                  | plates. (SH +4) [potion of mutation]
  8519 | D:10     | Entered Level 10 of the Dungeon
  8522 | D:10     | Reached skill level 5 in Armour
  8671 | D:10     | Noticed Joseph
  8681 | D:10     | Killed Joseph
  8682 | D:10     | Gained mutation: A meltable icy envelope protects you from
                  | harm. (AC +0) [demonic ancestry]
  8682 | D:10     | Reached XP level 11. HP: 87/96 MP: 11/11
  8812 | D:10     | Noticed a two-headed ogre
  8819 | D:10     | Killed a two-headed ogre
  8902 | D:10     | Noticed Josephine
  8914 | D:10     | Killed Josephine
  8942 | D:10     | Reached skill level 13 in Fighting
  8998 | D:10     | Noticed a centaur warrior
  8998 | D:10     | Noticed a brown ugly thing
  8999 | D:10     | Noticed a tengu warrior
  8999 | D:10     | Noticed a centaur warrior
  8999 | D:10     | Noticed a tengu warrior
  8999 | D:10     | Noticed a tengu warrior
  8999 | D:10     | Noticed an orc knight
  9010 | D:10     | Noticed an ogre mage
  9074 | D:10     | Reached skill level 1 in Maces & Flails
  9106 | D:10     | Found a staircase to the Orcish Mines.
  9361 | D:10     | Noticed a two-headed ogre
  9367 | D:10     | Killed a two-headed ogre
  9368 | D:10     | Reached skill level 1 in Shields
  9729 | D:11     | Acquired the +7 hand cannon "Mule" {flame, backblast, rF+}
  9729 | D:11     | Found the +7 hand cannon "Mule" {flame, backblast, rF+}
  9735 | D:11     | Acquired the +2 helmet of the Cuttlefish {-Cast rElec rPois
                  | Str+9}
 11116 | D:13     | Gained mutation: Your touch may irresistibly damage your
                  | foes and sap their willpower. [demonic ancestry]
 11116 | D:13     | Reached XP level 12. HP: 81/106 MP: 12/12
 11117 | D:13     | Noticed Lodul
 11128 | D:13     | Killed Lodul
 11133 | D:13     | Reached skill level 14 in Fighting
 11492 | D:13     | Noticed a two-headed ogre
 11492 | D:13     | Noticed a two-headed ogre
 11495 | D:13     | a two-headed ogre changed into a swamp worm
 11502 | D:13     | Killed a two-headed ogre
 11503 | D:13     | Reached skill level 5 in Shields
 11805 | D:13     | Found a gate to the Vaults.
 11840 | D:13     | Found Cothuvux's Antique Weapon Shoppe.
 11846 | D:13     | Noticed Kirke
 11899 | D:13     | Killed Kirke
 12026 | D:13     | Found Iriq's Antique Armour Shoppe.
 12178 | D:13     | Noticed a tengu warrior
 12179 | D:13     | Noticed a tengu warrior
 12184 | D:13     | Killed a tengu warrior
 12189 | D:13     | Killed a tengu warrior
 12191 | D:13     | Noticed Maurice
 12195 | D:13     | Killed Maurice
 12633 | D:14     | Noticed a boulder beetle
 12636 | D:14     | Noticed a boulder beetle
 12638 | D:14     | Killed a boulder beetle
 12646 | D:14     | Killed a boulder beetle
 12778 | D:14     | Noticed a tengu reaver
 12778 | D:14     | Noticed a fire giant
 12778 | D:14     | Noticed a catoblepas
 12779 | D:14     | Noticed an ettin
 12834 | D:14     | Killed a catoblepas
 12842 | D:14     | Killed from afar by a tengu reaver

Illustrated notes

Levels and vault maps discovered:
D:1:      amcnicky_arrival_abandoned_market, layout_basic
D:2:      layout_basic
D:3:      layout_basic, serial_shops, shop, ebering_ecumenical_altar_rust,
          kennysheep_potato, uniq_robin
D:4:      layout_loops_cross, grunt_temple_overflow_open, grunt_ministairs_11
D:5:      layout_cave_pools, temple_hall_moat, minmay_quadrilaterals,
          uniq_crazy_yiuf_cottage, uniq_duvessa
D:6:      layout_rooms, gup_sewer_entry_pipe
D:7:      layout_cave_pools, serial_shops, shop, guppyfry_shop_venom
D:8:      layout_loops_corners, erik_lair_island, hellmonk_guarded_unrand_lears
D:9:      layout_big_octagon, serial_gnoll_camp, gnoll_camp_mini_basic,
          gnoll_camp_mini_hut, gnoll_camp_medium_02, grums_kennel,
          gnoll_camp_mini_hut, gnoll_camp_mini_hut
D:10:     layout_basic, kennysheep_nondescript, minivault_12, uniq_grum,
          uniq_joseph, uniq_josephine
D:11:     layout_rooms
D:12:     layout_cave_pools, serial_co_window_serial,
          co_window_of_opportunity_a, co_window_paths_b, co_window_paths_a,
          co_window_corner_a, co_window_paths_a, co_window_corner_a,
          co_window_unsneaky_path_d, co_window_corner_b, co_window_cross_2,
          co_window_2corner, co_window_corner_b, co_window_unsneaky_path_a,
          co_window_paths_d, chequers_jeans
D:13:     layout_basic, david_vaults_4, serial_shops, shop,
          nicolae_shop_dealshenge, uniq_maurice, uniq_lodul, uniq_kirke
D:14:     minmay_glassy_protrusions, layout_gridville, elyvilon_altar_5

Skill      XL: |  1  2  3  4  5  6  7  8  9 10 11 12 |
---------------+-------------------------------------+-----
Ranged Weapons | 4 5 6 7 8 10 12 | 12.2
Fighting       | 3 5 6 8 10 12 13 14 | 14.0
Armour         | 5 7 |  7.0
Maces & Flails | 2 |  2.2
Shields        | 3 7 |  7.4
Dodging        | |  1.8
Stealth        | |  0.9

Action                     |  1- 3 |  4- 6 |  7- 9 | 10-12 || total
---------------------------+-------+-------+-------+-------++-------
  Melee: Morningstar       |       |       |       |    79 ||    79
         Unarmed           |       |       |       |    17 ||    17
         Shortbow          |       |       |       |     1 ||     1
   Fire: Shortbow          |    84 |   148 |   198 |   183 ||   613
         Hand cannon       |       |       |       |   190 ||   190
    Use: Scroll            |       |     7 |     6 |    10 ||    23
         Potion            |       |       |     1 |     6 ||     7
 Armour: Leather armour    |    18 |    37 |    60 |       ||   115
         Chain mail        |       |       |       |   259 ||   259
         Skin              |       |       |       |    31 ||    31
         Troll leather arm |       |       |       |    44 ||    44
  Dodge: Dodged            |    24 |    37 |    93 |   125 ||   279
         Repelled          |       |       |       |     1 ||     1
  Block: Other             |       |       |       |    29 ||    29
         Kite shield       |       |       |       |   208 ||   208

Table legend: (Time is in decaauts)
 A = Elapsed time spent in this place.
 B = Non-inter-level travel time spent in this place.
 C = Inter-level travel time spent in this place.
 D = Time resting spent in this place.
 E = Time spent auto-exploring this place.
 F = Levels seen in this place.
 G = Mean time per level.
                   A        B        C        D        E       F      G
               +--------+--------+--------+--------+--------+-----+--------+
         Total |  13440 |  12603 |    837 |   2611 |   6831 |  15 |  896.0 |
       Dungeon |  13253 |  12416 |    837 |   2611 |   6730 |  14 |  946.6 |
         Sewer |    186 |    186 |      0 |      0 |    101 |   1 |  186.0 |
               +--------+--------+--------+--------+--------+-----+--------+

Top non-repeatable levels by time:
     D:5: 1443 daAuts
    D:13: 1437 daAuts
     D:8: 1325 daAuts
    D:10: 1258 daAuts
     D:9: 1064 daAuts
    D:12: 1036 daAuts
     D:7: 956 daAuts
     D:3: 925 daAuts
     D:4: 842 daAuts
     D:2: 772 daAuts
     D:1: 753 daAuts
     D:6: 611 daAuts
    D:11: 553 daAuts
    D:14: 272 daAuts
   Sewer: 186 daAuts
